 Dungeon Crawl Stone Soup version 0.27-a0-1149-g4505690ab0 (webtiles) character file.

Game seed: 16598251213400873952

12 freelancePsychic the Sneak (level 2, -1/26 HPs)
             Began as a Ghoul Delver on May 12, 2021.
             Slain by an orc
             ... wielding a +0 war axe
              (2 damage)
             ... on level 4 of the Dungeon.
             The game lasted 00:00:49 (331 turns).

freelancePsychic the Sneak (Ghoul Delver)            Turns: 331, Time: 00:00:50

Health: -1/26      AC:  3    Str: 15    XL:     2   Next: 33%
Magic:  1/1        EV: 11    Int:  5    God:
Gold:   0          SH:  0    Dex: 10    Spells: 1/1 levels left

rFire    . . .     SeeInvis .   a - +0 hand axe
rCold    + . .     Faith    .   (no shield)
rNeg     + + +     Spirit   .   b - +0 leather armour
rPois    ∞         Reflect  .   (no helmet)
rElec    .         Harm     .   (no cloak)
rCorr    .         Rampage  .   (no gloves)
Will     .....                  (no boots)
Stlth    +++.......             (no amulet)
HPRegen  0.00/turn              (no ring)
MPRegen  0.07/turn              (no ring)

@: no status effects
A: claws 1, cold resistance 1, negative energy resistance 3, inhibited
regeneration, torment resistance 2
a: no special abilities


You were on level 4 of the Dungeon.
You visited 1 branch of the dungeon, and saw 2 of its levels.

Inventory:

Hand Weapons
 a - a +0 hand axe (weapon)
Armour
 b - a +0 leather armour (worn)
Wands
 g - a wand of digging (3)
Scrolls
 c - a scroll of fog
 d - a scroll of magic mapping
 e - a scroll of fear


   Skills:
 + Level 3.5 Fighting
 * Level 2.0 Axes
 - Level 2.0 Dodging
 - Level 5.6 Stealth


You had one spell level left.
You didn't know any spells.
Your spell library was empty.

Dungeon Overview and Level Annotations

Branches:
Dungeon (5/15)
 Temple: D:4-7

Altars:


Innate Abilities, Weirdness & Mutations

You thrive by killing the living.
You are immune to poison.
You have sharp fingernails.
Your flesh is cold resistant. (rC+)
You are immune to negative energy. (rN+++)
You do not regenerate when monsters are visible.
You are immune to unholy pain and torment.


Message History

The adder hisses angrily.
The endoplasm quivers.
Found 25 sling bullets.
Found a stone staircase leading up.
There is a stone staircase leading down here.
You climb downwards.
There is a stone staircase leading up here.
You start resting.
Your extra speed is starting to run out.
You start resting.
You feel yourself slow down.
You start resting.
HP restored.
There is an escape hatch in the ceiling here.
A mysterious force pulls you upwards. The hatch slams shut behind you.
An iguana comes into view.
The iguana hisses angrily.
Found a leatherbound book.
You see here a book of Cantrips.
An orc comes into view. It is wielding a +0 war axe.
The orc shouts!
You hear a shout!
An orc comes into view. It is wielding a +0 falchion.
You hear a shout!
The orc shouts!
You hear a shout!
The orc closely misses you. The orc hits you with a +0 war axe!
The iguana hisses menacingly.
The orc hits you with a +0 falchion.
A quokka, a hobgoblin, 2 orcs and an orc wizard come into view.
The orc barely misses you. The orc hits you with a +0 war axe!
* * * LOW HITPOINT WARNING * * *
The orc barely misses you.
Found 17 gold pieces.
The quokka bites you.
* * * LOW HITPOINT WARNING * * *
The quokka closely misses you. The orc hits you with a +0 falchion.
* * * LOW HITPOINT WARNING * * *
You closely miss the quokka. You hit the orc. You closely miss the orc.
The orc hits you with a +0 war axe.
You die...

#... #...# #### #...# #..
#...###.# # #
#####...#...#####.#....
..............o@r....#
............l.o.#.............#
................# #$.#. ......#
####...#...###o....... ......
#...###.# #.#o#. . ..... #...#
#....g.....# #.S.# #l..#
#####....o...##...##J# #...#
###.............(# ######...#
#<.>.....#


You could see an iguana, 3 orcs, a quokka and a hobgoblin.

Vanquished Creatures
  A hound skeleton (D:5)
1 creature vanquished.

Notes
Turn   | Place    | Note
-------+----------+-------------------------------------------
     0 | D:5      | freelancePsychic the Ghoul Delver began the quest for the
                  | Orb.
     0 | D:5      | Reached XP level 1. HP: 19/19 MP: 0/0
    44 | D:5      | Reached XP level 2. HP: 7/26 MP: 1/1
   330 | D:4      | HP: 1/26 [orc/+0 falchion (1)]
   331 | D:4      | Slain by an orc

Illustrated notes

Levels and vault maps discovered:
D:4:      layout_loops_cross, nicolae_ru_great_annihilating_truth
D:5:      layout_rooms, lemuel_round_altar, lemuel_flamethrower_1

Skill      XL: |  1 |
---------------+----+-----
Axes           | 2 |  2.0
Dodging        | 2 |  2.0
Fighting       | |  3.5
Stealth        | |  5.6

Action                   || total
-------------------------++-------
Melee: Hand axe          ||    15
  Use: Potion            ||     1
Armor: Leather armour    ||     6
Dodge: Dodged            ||    11

Table legend: (Time is in decaauts)
 A = Elapsed time spent in this place.
 B = Non-inter-level travel time spent in this place.
 C = Inter-level travel time spent in this place.
 D = Time resting spent in this place.
 E = Time spent auto-exploring this place.
 F = Levels seen in this place.
 G = Mean time per level.
                   A        B        C        D        E       F      G
               +--------+--------+--------+--------+--------+-----+--------+
         Total |    321 |    321 |      0 |    227 |     22 |   2 |  160.5 |
       Dungeon |    321 |    321 |      0 |    227 |     22 |   2 |  160.5 |
               +--------+--------+--------+--------+--------+-----+--------+

Top non-repeatable levels by time:
     D:5: 281 daAuts
     D:4: 39 daAuts
